 Dungeon Crawl Stone Soup version 0.18.1-50-g88ac8fd (webtiles) character file.

16 WhiskeyPanda the Conjurer (level 2, -2/18 HPs)
             Began as an Octopode Conjurer on Sept 23, 2016.
             Slain by a gnoll
             ... wielding a +0 spear
              (5 damage)
             ... on level 1 of the Dungeon.
             The game lasted 00:05:44 (988 turns).

WhiskeyPanda the Conjurer (Octopode Conjurer)        Turns: 988, Time: 00:05:45

Health: -2/18      AC:  1    Str:  7    XL:     2   Next: 58%
Magic:  1/5        EV: 12    Int: 17    God:    Xom [..*...]
Gold:   0          SH:  0    Dex: 12    Spells: 1 memorised, 4 levels left

rFire  . . .     SeeInvis .     c - -1 spear (curse)
rCold  . . .     Gourm    .     (no shield)
rNeg   . . .     Faith    .     (helmet restricted)
rPois  .         Spirit   .     (no amulet)
rElec  .         Dismiss  .     (no ring)
rCorr  .         Reflect  .     (no ring)
SustAt .         Harm     .     (no ring)
MR     .....                    (no ring)
Stlth  +++.......               (no ring)
                                (no ring)
                                (no ring)
                                (no ring)

@: not resistant to hostile enchantments, fairly stealthy
A: almost no armour, amphibious, 8 rings, constrict 8, camouflage 1, gelatinous
body 1
a: Renounce Religion


You were on level 1 of the Dungeon.
You worshipped Xom.
You were a toy of Xom.
You were not hungry.

You visited 1 branch of the dungeon, and saw 1 of its levels.

Inventory:

Hand Weapons
 c - a cursed -1 spear (weapon)
Armour
 g - a +0 pair of gloves
Scrolls
 e - a scroll of magic mapping {unknown}
Potions
 d - 2 potions of curing {unknown}
Books
 a - a book of Conjurations

   Spells                             Type                      Level
   a - Magic Dart                     Conjuration                  1
   b - Searing Ray                    Conjuration                  2
   c - Dazzling Spray                 Conjuration/Hexes            3
   d - Fulminant Prism                Conjuration/Hexes            4
   e - Iskenderun's Mystic Blast      Conjuration                  4
   f - Iskenderun's Battlesphere      Conjuration/Charms           5
Comestibles
 b - a bread ration


   Skills:
 + Level 0.4 Fighting
 + Level 0.2 Polearms
 + Level 2.0 Dodging
 + Level 2.6 Stealth
 + Level 2.0 Spellcasting
 + Level 4.4 Conjurations


You had 4 spell levels left.
You knew the following spells:

 Your Spells              Type           Power        Failure   Level  Hunger
a - Magic Dart            Conj           ###.         3%          1    #......


Dungeon Overview and Level Annotations

Branches:
Dungeon (1/15)

Altars:
Xom


Innate Abilities, Weirdness & Mutations

You cannot wear most types of armour.
You are amphibious.
You can wear up to eight rings at the same time.
You can use your tentacles to constrict eight enemies at once.
Your skin changes colour to match your surroundings (Stealth).
Your rubbery body absorbs attacks (AC +1).


Message History

Aim: a gnoll, wielding a spear (heavily wounded)
You reach to attack!
You hit the gnoll.
The gnoll is almost dead.
The gnoll barely misses you.
Attack whom?
Press: ? - help, Dir - move target cursor, f/p - gnoll
Aim: a gnoll, wielding a spear (almost dead)
You reach to attack!
You barely miss the gnoll.
The gnoll is almost dead.
The gnoll hits you from afar with a spear.
Attack whom?
Press: ? - help, Dir - move target cursor, f/p - gnoll
Aim: a gnoll, wielding a spear (almost dead)
You reach to attack!
You closely miss the gnoll.
The gnoll is almost dead.
The gnoll hits you from afar with a spear.
* * * LOW HITPOINT WARNING * * *
You emit a cloud of colourful smoke!
The gnoll hits you from afar with a spear.
You die...

#... ...
##......#.....
#.###
##..###((.........
#.. ∆.....
#######..### ###
#.#.# ....# #.(.#
....# #§§.# .##..#
#g# .. ######§#
### .##
.####...##@###....
.........§§§.....#
##
#...........#..#
.# #.#.#.......#.#
.# #.#.#.#...#.#.#
.# #.#.#.#.#.#.# #
.# #.#.#.#.#.#.#
.# ##.#.#.#...#.#
.# #..#.#†......#


You could see a gnoll.

Vanquished Creatures
  A dart slug (D:1)
  2 goblins (D:1)
  3 hobgoblins (D:1)
  3 kobolds (D:1)
  2 bats (D:1)
  2 giant newts (D:1)
  A rat (D:1)
14 creatures vanquished.

Notes
Turn   | Place    | Note
--------------------------------------------------------------
     0 | D:1      | WhiskeyPanda the Octopode Conjurer began the quest for the Orb.
     0 | D:1      | Reached XP level 1. HP: 11/11 MP: 3/3
   733 | D:1      | Reached XP level 2. HP: 17/17 MP: 1/5
   791 | D:1      | Found a shimmering altar of Xom.
   818 | D:1      | Became a worshipper of Xom of Chaos
   947 | D:1      | XOM: divination: detect items
   965 | D:1      | XOM: harmless Summ miscast
   987 | D:1      | XOM: smoke on damage
   988 | D:1      | Slain by a gnoll

Action                   || total
-------------------------++-------
Melee: Spear             ||    24
       Unarmed           ||     6
       Constrict         ||     7
       Tentacles         ||     3
Throw: Tomahawk          ||     4
 Cast: Magic Dart        ||    17
  Use: Scroll            ||     1
 Stab: Sleeping          ||     1
Armor: Skin              ||     4
Dodge: Dodged            ||    22
